 Dungeon Crawl Stone Soup version 0.27-a0-1228-gfd60fd639a (webtiles) character file.

Game seed: 14618713470596214521

8197 Shayle the Nimble (level 11, -2/85 HPs)
             Began as a Djinni Ice Elementalist on June 8, 2021.
             Slain by a large abomination (20 damage)
             ... on level 2 of the Abyss.
             The game lasted 00:30:46 (12303 turns).

Shayle the Nimble (Djinni Ice Elementalist)        Turns: 12303, Time: 00:30:47

Health: -2/85      AC: 17    Str:  7    XL:     11   Next: 51%
Gold:   253        EV: 20    Int: 28    God:
                   SH:  0    Dex: 21

rFire    + . .     SeeInvis .   t - +9 halberd of Fixation {freeze, Will- Int+6}
rCold    . . .     Faith    .   (shield currently unavailable)
rNeg     . . .     Spirit   .   z - +0 steam dragon scales
rPois    ∞         Reflect  .   j - +1 helmet {Int+3}
rElec    .         Harm     .   g - scarf {+Inv}
rCorr    .         Rampage  .   (no gloves)
Will     .....                  (boots unavailable)
Stlth    ++........             (no amulet)
HPRegen  0.24/turn              e - +6 ring of dexterity
MPRegen  0.00/turn              o - ring of ice

@: ice-armoured, freezing walls, flying
A: sickness immunity, fire resistance 2, cold vulnerability 1, float, innate
caster, hp casting, extra vitality 1
a: Evoke Invisibility


You were on level 2 of the Abyss.
You visited 3 branches of the dungeon, and saw 11 of its levels.
You visited the Abyss 1 time.
You also visited: Volcano.

You collected 463 gold pieces.
You spent 210 gold pieces at shops.

Inventory:

Hand Weapons
 c - a +1 short sword
 h - a +1 whip of flaming
 i - a +0 mace of protection
 k - a +2 dagger of protection
 m - a +1 broad axe of flaming
 r - a +4 quarterstaff
 t - the +9 halberd of Fixation (weapon) {freeze, Will- Int+6}
   (You found it on level 7 of the Dungeon)

   It has been specially enchanted to freeze those struck by it, causing extra
   injury to most foes and up to half again as much damage against particularly
   susceptible opponents.
   It can also slow down cold-blooded creatures.
   It affects your intelligence (+6).
   It decreases your willpower.
Missiles
 n - 3 throwing nets
 w - 3 atropa-tipped darts
Armour
 a - a +1 robe
 g - a scarf of invisibility (worn)
 j - a +1 helmet of intelligence (worn)
 z - +0 steam dragon scales (worn)
Jewellery
 e - a +6 ring of dexterity (left hand)
 l - a ring of poison resistance
 o - a ring of ice (right hand)
 p - a ring of willpower
Wands
 s - a wand of mindburst (12)
Scrolls
 y - a scroll of teleportation
 A - a scroll of fog {unknown}
Potions
 b - 4 potions of curing
 d - 3 potions of might
 f - 2 potions of heal wounds
 q - a potion of degeneration {unknown}
 u - a potion of magic
 v - a potion of berserk rage
 x - a potion of flight {unknown}
 B - a potion of ambrosia {unknown}


   Skills:
 + Level 9.9 Fighting
 + Level 11.0 Dodging
 - Level 1.5 Stealth
 + Level 8.3 Spellcasting


You couldn't memorise any spells.
You knew the following spells:

 Your Spells              Type           Power      Damage    Failure   Level
a - Freeze                Ice            100%       1d11      1%          1
b - Frozen Ramparts       Ice            100%       1d12      1%          3
c - Ozocubu's Armour      Ice            73%        N/A       1%          3
d - Hailstorm             Conj/Ice       73%        3d15      1%          4
e - Metabolic Englaciati  Hex/Ice        36%        N/A       4%          5
f - Magic Dart            Conj           100%       1d8       1%          1
g - Static Discharge      Conj/Air       56%        N/A       1%          2
h - Slow                  Hex            56%        N/A       1%          2
i - Portal Projectile     Hex/Tloc       100%       N/A       1%          3
j - Iskenderun's Mystic   Conj/Tloc      56%        2d12      1%          4
Your spell library was empty.

Dungeon Overview and Level Annotations

Branches:
Dungeon (9/15)             Temple (1/1) D:6            Lair (1/6) D:8
Volcano (visited)
    Orc: D:9-12

Altars:
Ashenzari
Cheibriados
Dithmenos
Fedhas
Gozag
Hepliaklqana
Kikubaaqudgha
Okawaru
Qazlal
Ru
Sif Muna
Trog
Uskayaw
Vehumet
Wu Jian
Xom
Yredelemnul
Zin

Shops:
D:6 !

Annotations:
D:5 1 runed translucent door, Crazy Yiuf


Innate Abilities, Weirdness & Mutations

You are immune to sickness and miasma.
You are immune to poison.
Your flesh is very heat resistant. (rF++)
You are vulnerable to cold. (rC-)
You float through the air rather than walking.
You learn spells naturally, not from books.
Your magical power is your life essence.
You have superior vitality. (+4 HP)


Message History

You puncture the raiju! You freeze the raiju.
The raiju is severely wounded.
The wall freezes the raiju! x2; The raiju bites you but does no damage.
The wall freezes the raiju.
The raiju barely misses you.
The wall freezes the raiju!
The raiju bursts into living lightning!
The living lightning hits the raiju.
The raiju completely resists.
The living lightning hits you.
The raiju blinks!
You slash the raiju! You freeze the raiju.
You kill the raiju!
The wall freezes the raiju.
You kill the raiju!
The wall freezes the raiju!
A raiju comes into view.
A large abomination comes into view.
The wall freezes the raiju.
The raiju bursts into living lightning!
The living lightning hits you!
* * * LOW HITPOINT WARNING * * *
The raiju blinks!
The wall freezes the raiju!
Your Dodging skill increases to level 11!
Casting: Frozen Ramparts (safe; 1% risk of failure)
Confirm with . or Enter, or press ? or * to list all spells.
Okay, then.
You puncture the raiju! You freeze the raiju.
The raiju is almost dead.
The raiju bursts into living lightning!
The living lightning hits the raiju.
The raiju completely resists.
The living lightning hits you.
* * * LOW HITPOINT WARNING * * *
The living lightning hits the raiju.
The raiju completely resists.
The raiju blinks! x4; The wall freezes the raiju.
The raiju completely misses you.
The wall freezes the large abomination!
The wall freezes the raiju.
You kill the raiju!
The wall freezes the raiju!
The wall freezes the raiju.
The raiju bursts into living lightning!
The living lightning misses you.
The living lightning hits the raiju.
The raiju completely resists.
The raiju blinks!
The wall freezes the large abomination!
The large abomination hits you!!
You die...

##.. ##
.. . .#
.# ##
.### .##
..#. ..
..# .
.##. ..
#....##.
.
#§.#.X##
.
##hh@§#
#..#####
#.# #


You could see a large abomination and 2 raiju.

Vanquished Creatures
  A tentacled starspawn (Abyss:2)
  Pikel (D:5)
  Joseph (D:7)
  Maggie (D:8)
  A komodo dragon (Lair:1)
  3 raiju (Abyss:2)
  Sigmund (D:6)
  3 wyverns (D:8)
  2 basilisks
  A steam dragon (D:7)
  6 water moccasins
  2 orc warriors (D:8)
  3 sky beasts
  3 black bears
  An ogre (D:5)
  5 wolves
  A necrophage (D:8)
  3 centaurs
  A lemure (D:5)
  2 gnoll sergeants
  A scorpion (D:6)
  2 bullfrogs
  9 killer bees (D:8)
  2 howler monkeys (D:8)
  2 centaur zombies
  A hound (D:7)
  A jelly (D:4)
  3 centaur skeletons
  2 orc priests
  A bullfrog skeleton (D:5)
  A gnoll shaman (D:7)
  5 iguanas
  4 orc wizards
  2 killer bee zombies
  2 hound skeletons (D:5)
  Robin (D:4)
  A howler monkey zombie (D:9)
  15 gnolls
  5 adders
  A howler monkey skeleton (D:7)
  A shadow imp (D:5)
  A white imp (D:8)
  An ufetubus (D:5)
  An adder skeleton (D:4)
  A dart slug (D:2)
  39 orcs
  6 endoplasms
  A giant cockroach (D:4)
  8 goblins (D:4)
  7 hobgoblins
  3 jackals (D:2)
  5 quokkas
  4 ball pythons
  8 bats
  2 frilled lizards
  4 kobolds
  7 rats
  A starspawn tentacle (Abyss:2)
203 creatures vanquished.

Vanquished Creatures (others)
  3 fungi (D:8)
  23 plants (D:8)
  A starspawn tentacle (Abyss:2)
27 creatures vanquished.

Grand Total: 230 creatures vanquished

Notes
Turn   | Place    | Note
-------+----------+-------------------------------------------
     0 | D:1      | Shayle the Djinni Ice Elementalist began the quest for the
                  | Orb.
     0 | D:1      | Reached XP level 1. HP: 15/15 MP: 0/0
    66 | D:1      | Found a faded altar of an unknown god.
   372 | D:1      | Reached XP level 2. HP: 15/22 MP: 0/0
  1209 | D:1      | Reached skill level 1 in Fighting
  1772 | D:2      | Reached XP level 3. HP: 20/27 MP: 0/0
  1772 | D:2      | Learned a level 1 spell: Magic Dart
  2492 | D:3      | Reached skill level 3 in Dodging
  3106 | D:4      | Reached XP level 4. HP: 26/33 MP: 0/0
  3529 | D:4      | Reached XP level 5. HP: 22/38 MP: 0/0
  3529 | D:4      | Learned a level 2 spell: Static Discharge
  3661 | D:5      | Entered Level 5 of the Dungeon
  3779 | D:5      | Found a runed translucent door.
  3780 | D:5      | Noticed Crazy Yiuf
  3827 | D:5      | Reached skill level 4 in Dodging
  3827 | D:5      | Reached XP level 6. HP: 20/46 MP: 0/0
  4167 | D:5      | Noticed an ogre
  4219 | D:6      | Noticed Sigmund
  4663 | D:5      | Killed an ogre
  4664 | D:5      | Reached XP level 7. HP: 26/50 MP: 0/0
  4664 | D:5      | Learned a level 2 spell: Slow
  5044 | D:4      | Reached skill level 5 in Dodging
  5332 | D:4      | Noticed Robin
  5355 | D:4      | Killed Robin
  5591 | D:5      | Noticed Pikel
  5839 | D:5      | Killed Pikel
  5840 | D:5      | Reached skill level 5 in Fighting
  5840 | D:5      | Reached skill level 6 in Dodging
  5840 | D:5      | Reached skill level 5 in Spellcasting
  5840 | D:5      | Reached XP level 8. HP: 43/59 MP: 0/0
  6790 | D:6      | Killed Sigmund
  6910 | D:6      | Reached XP level 9. HP: 64/66 MP: 0/0
  6910 | D:6      | Learned a level 3 spell: Portal Projectile
  6992 | D:6      | Found a snail-covered altar of Cheibriados.
  6992 | D:6      | Found an iron altar of Okawaru.
  7005 | D:6      | Found a faded altar of an unknown god.
  7007 | D:6      | Found an ornate altar of the Wu Jian Council.
  7008 | D:6      | Found a faded altar of an unknown god.
  7025 | D:6      | Reached skill level 7 in Dodging
  7311 | D:6      | Found a staircase to the Ecumenical Temple.
  7314 | D:6      | Found Rueqih's Distillery.
  7322 | Temple   | Entered the Ecumenical Temple
  7472 | D:6      | Bought a potion of curing for 42 gold pieces
  7472 | D:6      | Bought a potion of might for 56 gold pieces
  7472 | D:6      | Bought a potion of curing for 42 gold pieces
  7472 | D:6      | Bought a potion of heal wounds for 70 gold pieces
  8559 | D:7      | Reached skill level 8 in Dodging
  9118 | D:7      | Noticed Joseph
  9128 | D:7      | Killed Joseph
  9494 | D:7      | Reached XP level 10. HP: 41/75 MP: 0/0
  9758 | D:7      | Identified the +9 halberd of Fixation {freeze, Will- Int+6}
  9772 | D:7      | Found a glowing silver altar of Zin.
 10007 | D:8      | Reached skill level 9 in Dodging
 11321 | D:8      | Noticed Maggie
 11328 | D:8      | Killed Maggie
 11464 | D:8      | Reached skill level 10 in Dodging
 11759 | D:8      | Reached XP level 11. HP: 58/84 MP: 0/0
 11759 | D:8      | Learned a level 4 spell: Iskenderun's Mystic Blast
 11952 | D:8      | Found a staircase to the Lair.
 11964 | Lair:1   | Entered Level 1 of the Lair of Beasts
 12121 | Lair:1   | Found a dark tunnel.
 12127 | Volcano  | Entered a volcano
 12130 | Volcano  | Noticed a toenail golem
 12130 | Volcano  | Noticed a wizard
 12130 | Volcano  | Noticed a toenail golem
 12135 | Volcano  | Cast into level 2 of the Abyss (a wizard)
 12157 | Abyss:2  | Found a corrupted altar of Lugonu.
 12212 | Abyss:2  | Noticed a tentacled starspawn
 12218 | Abyss:2  | Killed a tentacled starspawn
 12303 | Abyss:2  | Reached skill level 11 in Dodging
 12303 | Abyss:2  | Slain by a large abomination

Illustrated notes

Levels and vault maps discovered:
D:1:      dpeg_arrival_signposts, layout_basic,
          ebering_ecumenical_altar_abandoned
D:2:      layout_loops_ring, st_stairs_6
D:3:      layout_loops_ring
D:4:      layout_rooms, serial_glass, glass_columns_c, glass_columns_a,
          glass_columns_a, glass_columns_a, uniq_robin
D:5:      layout_basic, kennysheep_mini, grunt_ministairs_10,
          kennysheep_generic_room_11, uniq_crazy_yiuf_cottage, uniq_pikel
D:6:      layout_basic, nicolae_vehumet_altar_sigil,
          chequers_temple_overflow_minitemple, minmay_temple_entry_offerings,
          serial_shops, shop, uniq_sigmund
D:7:      layout_basic, zin_statuary, grunt_ministairs_5,
          minmay_misc_feat_diagonals, uniq_joseph
D:8:      layout_basic, gammafunk_temple_overflow_claw, minmay_lair_entry_grove,
          special_room [special_room_orc], uniq_maggie
D:9:      layout_basic, marbit_many_paths
Temple:   minmay_temple_bridge_abc
Lair:1:   layout_loops_ring, nicolae_volcano_entry_two_sided,
          lemuel_fruit_fields, grunt_megastairs_5
Abyss:2:  base:
Gauntlet
Volcano:  volcano_bunker

Skill      XL: |  1  2  3  4  5  6  7  8  9 10 11 |
---------------+----------------------------------+-----
Fighting       | 1 2 3 5 7 9 |  9.9
Dodging        | 3 4 6 8 10 11 | 11.0
Spellcasting   | 4 5 6 7 8 |  8.3
Stealth        | |  1.5

Action                   |  1- 3 |  4- 6 |  7- 9 | 10-12 || total
-------------------------+-------+-------+-------+-------++-------
Melee: Short sword       |    32 |    44 |     6 |       ||    82
       Mace              |       |       |    40 |       ||    40
       Dagger            |       |       |    85 |       ||    85
       Whip              |       |       |    70 |       ||    70
       Quarterstaff      |       |       |     3 |     6 ||     9
       Halberd           |       |       |       |   116 ||   116
       Broad axe         |       |       |       |     8 ||     8
 Cast: Freeze            |    40 |     4 |     1 |       ||    45
       Magic Dart        |     4 |    46 |    14 |       ||    64
       Frozen Ramparts   |     1 |     8 |    22 |    17 ||    48
       Ozocubu's Armour  |       |     1 |     3 |     4 ||     8
       Static Discharge  |       |       |    10 |     4 ||    14
       Hailstorm         |       |       |    13 |     2 ||    15
  Use: Scroll            |     4 |       |     3 |     7 ||    14
       Potion            |       |     3 |       |     2 ||     5
 Stab: Sleeping          |     1 |       |     3 |       ||     4
       Distracted        |       |       |       |     1 ||     1
Armor: Robe              |    13 |     9 |    72 |    15 ||   109
       Steam dragon scal |       |       |       |    19 ||    19
Dodge: Dodged            |    49 |    41 |   221 |   195 ||   506

Table legend: (Time is in decaauts)
 A = Elapsed time spent in this place.
 B = Non-inter-level travel time spent in this place.
 C = Inter-level travel time spent in this place.
 D = Time resting spent in this place.
 E = Time spent auto-exploring this place.
 F = Levels seen in this place.
 G = Mean time per level.
                   A        B        C        D        E       F      G
               +--------+--------+--------+--------+--------+-----+--------+
         Total |  12363 |  12047 |    316 |   2452 |   7237 |  13 |  951.0 |
       Dungeon |  11895 |  11590 |    305 |   2256 |   7127 |   9 | 1321.7 |
        Temple |    121 |    110 |     11 |      0 |    110 |   1 |  121.0 |
          Lair |    167 |    167 |      0 |     88 |      0 |   1 |  167.0 |
         Abyss |    171 |    171 |      0 |    108 |      0 |   1 |  171.0 |
       Volcano |      7 |      7 |      0 |      0 |      0 |   1 |    7.0 |
               +--------+--------+--------+--------+--------+-----+--------+

Top non-repeatable levels by time:
     D:5: 2006 daAuts
     D:8: 1813 daAuts
     D:7: 1596 daAuts
     D:6: 1514 daAuts
     D:1: 1507 daAuts
     D:4: 1320 daAuts
     D:2: 1126 daAuts
     D:3: 809 daAuts
     D:9: 199 daAuts
 Abyss:2: 171 daAuts
  Lair:1: 167 daAuts
  Temple: 121 daAuts
 Volcano: 7 daAuts
